Map: Coda LE (Void)

Players

PiLiPiLi

  • Race: Zerg Zerg

AgCl - Winner!

  • Race: Protoss Protoss

VOD

Have the link to the VOD?

Description

Time

  • Played on: May 4, 2015, 3:39 a.m.
  • Length: 14:55
Show
View Real Time Build Order
Export as new Build Order

PiLiPiLi Zerg 

Build Orders: Pool First, Lurkers, Roach Nydus 

Get SALT Encoding   

  12  0:01  Drone  
  13  0:13  Overlord  
  13  0:24  Drone  
  14  0:35  Spawning Pool  
  14  0:37  Drone  
  14  0:42  Drone  
  15  0:48  Drone  
  16  0:51  Extractor  
  16  0:52  Drone  
  16  1:00  Drone  
  17  1:17  Drone  
  18  1:23  Zergling x2  
  21  1:36  Hatchery  
  18  1:44  Queen  
  20  2:18  Drone x2  
  20  2:20  Extractor  
  20  2:21  Overlord  
  21  2:39  Queen  
  23  2:45  Roach Warren  
  23  2:46  Drone x2  
  24  2:51  Drone  
  24  2:54  Drone  
  24  2:58  Drone x3  
  29  2:59  Drone  
  30  3:15  Drone x2  
  32  3:25  Drone x3  
  35  3:28  Drone  
  35  3:32  Lair  
  36  3:45  Overlord x2  
  36  4:05  Drone x5  
  36  4:06  Drone  
  36  4:07  Drone x5  
  47  4:12  Extractor x2  
  47  4:14  Overlord  
  45  4:25  Drone  
  46  4:32  Drone x4  
  46  4:33  Evolution Chamber x2  
  48  4:42  Roach x2  
  48  4:43  Nydus Network  
  48  4:44  Roach  
  53  4:47  Roach  
  53  4:51  Roach  
  57  4:53  Drone x2  
  58  5:12  Spore Crawler  
  55  5:26  Queen x2  
  59  5:29  Nydus Canal  
  59  5:31  Glial Reconstitution  
  59  5:44  Roach  
  57  5:57  Ravager  
  57  5:58  Ravager  
  57  6:00  Ravager  
  57  6:04  Drone  
  50  6:10  Spire  
  49  6:16  Drone  
  49  6:17  Drone x2  
  52  6:19  Drone x2  
  52  6:25  Hatchery  
  53  6:28  Hydralisk Den  
  53  6:29  Spore Crawler, Queen x2  
  53  6:30  Spore Crawler  
  54  6:41  Zerg Missile Weapons Level 1, Zerg Ground Armor Level 1  
  54  6:45  Roach x3  
  60  6:58  Overlord  
  60  6:59  Overlord x2  
  60  7:03  Lurker Den  
  60  7:05  Spore Crawler, Queen  
  60  7:06  Spore Crawler  
  60  7:09  Overlord x2, Ventral Sacs  
  60  7:26  Corruptor x5  
  70  7:35  Ravager x3  
  73  7:44  Mutalisk  
  73  7:45  Mutalisk  
  73  7:48  Queen  
  79  8:05  Mutalisk  
  79  8:06  Mutalisk  
  83  8:17  Mutalisk  
  85  8:21  Hydralisk  
  85  8:24  Queen  
  89  8:37  Hydralisk x3  
  95  9:23  Hydralisk x2  
  99  9:30  Zerg Ground Armor Level 2, Zerg Missile Weapons Level 2  
  99  9:59  Hatchery  
  98  10:01  Hatchery  
  98  10:05  Hatchery  
  96  10:12  Hatchery  
  95  10:18  Burrow  
  95  10:29  Overseer x2  
  95  11:01  Overlord x5  
  95  11:02  Overlord x2  
  95  11:09  Overlord x7  
  95  11:35  Drone x7  
  95  11:36  Drone x8  
  95  11:37  Drone  
  111  11:40  Hydralisk x15  
  141  11:53  Mutalisk x3  
  147  11:56  Lurker  
  148  12:05  Infestation Pit  
  147  12:10  Extractor  
  147  12:11  Extractor  
  147  12:12  Spore Crawler  
  147  12:14  Spore Crawler  
  143  12:16  Spore Crawler  
  143  12:19  Spore Crawler x2  
  143  12:22  Roach  
  140  12:23  Overlord  
  140  12:27  Drone x2  
  142  12:33  Queen  
  144  12:38  Hydralisk x3  
  150  12:48  Nydus Canal  
  151  12:58  Ravager  
  151  13:07  Spore Crawler, Queen  
  151  13:09  Spore Crawler  
  151  13:11  Spore Crawler x2  
  144  13:13  Spore Crawler  
  144  13:17  Drone x5  
  143  13:40  Lurker x2  
  143  13:41  Lurker  
  146  13:46  Drone x5  
  146  13:47  Drone x2  
  153  13:48  Extractor  
  153  13:49  Extractor  
  151  13:57  Mutalisk x2  
  151  13:59  Zergling x10  
  151  14:00  Zergling x8  
  164  14:11  Drone x3  
  164  14:12  Drone x4  
  165  14:29  Hydralisk  
  160  14:34  Drone x4  
  160  14:35  Drone  
  150  14:44  Lurker  
Show
View Real Time Build Order
Export as new Build Order

AgCl Protoss - Winner!

Build Orders: 1 Gate Expand 

Get SALT Encoding   

  12  0:02  Probe  
  13  0:14  Probe  
  14  0:34  Pylon  
  14  0:55  Probe  
  15  0:57  Gateway  
  15  1:02  Assimilator  
  15  1:07  Probe  
  15  1:19  Probe  
  15  1:24  Nexus  
  16  1:31  Probe  
  17  1:44  Assimilator  
  18  1:48  Zealot  
  19  2:05  Cybernetics Core  
  19  2:06  Probe (Chrono Boost)  
  19  2:17  Probe (Chrono Boost)  
  20  2:24  Probe (Chrono Boost)  
  20  2:28  Forge  
  21  2:36  Probe (Chrono Boost)  
  22  2:39  Probe (Chrono Boost)  
  23  2:46  Probe (Chrono Boost)  
  23  2:48  Probe (Chrono Boost)  
  25  2:52  Pylon  
  25  2:54  Probe (Chrono Boost)  
  27  2:58  Probe (Chrono Boost)  
  27  3:04  Warp Gate  
  27  3:05  Probe (Chrono Boost)  
  28  3:08  Probe (Chrono Boost)  
  30  3:13  Probe (Chrono Boost)  
  30  3:18  Stargate  
  30  3:21  Probe (Chrono Boost)  
  30  3:26  Probe (Chrono Boost)  
  32  3:32  Probe (Chrono Boost)  
  34  3:35  Probe (Chrono Boost)  
  34  3:40  Probe (Chrono Boost)  
  35  3:41  Probe (Chrono Boost)  
  36  3:52  Probe (Chrono Boost)  
  39  3:55  Mothership Core (Chrono Boost)  
  39  4:00  Probe (Chrono Boost)  
  40  4:03  Assimilator  
  40  4:05  Pylon, Oracle  
  40  4:08  Probe (Chrono Boost)  
  44  4:14  Assimilator  
  46  4:24  Probe (Chrono Boost)  
  46  4:26  Probe (Chrono Boost)  
  46  4:27  Fleet Beacon  
  46  4:30  Pylon  
  46  4:31  Probe (Chrono Boost)  
  48  4:40  Probe (Chrono Boost)  
  48  4:43  Probe (Chrono Boost)  
  49  4:48  Probe (Chrono Boost)  
  49  4:49  Probe (Chrono Boost)  
  51  4:58  Protoss Air Weapons Level 1 (Chrono Boost)  
  51  4:59  Probe  
  52  5:01  Probe  
  52  5:02  Stargate  
  52  5:05  Pylon  
  53  5:11  Probe  
  53  5:13  Probe, Void Ray (Chrono Boost)  
  59  5:20  Pylon  
  59  5:23  Probe  
  59  5:25  Probe  
  59  5:28  Carrier (Chrono Boost)  
  58  5:35  Probe  
  59  5:36  Pylon  
  59  5:39  Probe, Photon Cannon  
  59  5:40  Carrier (Chrono Boost)  
  60  5:47  Probe  
  71  6:00  Probe  
  71  6:02  Probe  
  73  6:12  Probe, Pylon  
  74  6:23  Graviton Catapult  
  74  6:25  Nexus  
  74  6:27  Twilight Council  
  74  6:30  Assimilator  
  74  6:32  Probe, Gateway  
  75  6:33  Pylon  
  75  6:35  Carrier (Chrono Boost), Assimilator  
  81  6:50  Probe  
  82  6:54  Probe  
  83  7:02  Probe  
  83  7:05  Photon Cannon  
  83  7:06  Carrier (Chrono Boost)  
  84  7:08  Pylon  
  84  7:09  Probe  
  84  7:14  Probe  
  92  7:23  Probe  
  92  7:27  Probe  
  94  7:35  Probe  
  95  7:38  Probe  
  95  7:39  Probe  
  97  7:47  Probe  
  97  7:50  Probe  
  99  7:51  Probe  
  100  8:01  Gateway  
  100  8:02  Gateway, Photon Cannon  
  100  8:03  Photon Cannon  
  100  8:05  Pylon  
  102  8:08  Templar Archives  
  102  8:12  Carrier (Chrono Boost), Charge (Chrono Boost)  
  100  8:15  Phoenix (Chrono Boost)  
  100  8:16  Dark Shrine  
  102  8:25  Carrier (Chrono Boost)  
  102  8:26  Protoss Ground Weapons Level 1 (Chrono Boost)  
  114  8:48  Psionic Storm  
  114  8:51  Pylon  
  114  8:58  Gateway  
  114  9:00  Pylon  
  114  9:01  Photon Cannon  
  114  9:05  Cybernetics Core  
  114  9:06  Forge  
  114  9:16  Pylon, Carrier (Chrono Boost)  
  114  9:32  Zealot  
  114  9:33  Zealot  
  124  9:45  Protoss Shields Level 1 (Chrono Boost)  
  124  9:47  Void Ray (Chrono Boost)  
  124  9:50  Protoss Air Weapons Level 2 (Chrono Boost)  
  124  10:03  Dark Templar x2  
  128  10:08  Zealot  
  128  10:12  High Templar  
  130  10:20  Stargate  
  130  10:22  Pylon  
  130  10:25  Robotics Facility  
  128  10:31  Phoenix (Chrono Boost)  
  128  10:35  Phoenix (Chrono Boost)  
  132  10:41  High Templar  
  134  10:46  Phoenix (Chrono Boost)  
  136  10:51  Photon Cannon  
  136  10:52  Pylon, Photon Cannon  
  136  10:53  Anion Pulse-Crystals  
  136  10:54  Nexus  
  136  10:56  Pylon  
  136  10:57  Assimilator  
  136  10:58  Carrier (Chrono Boost)  
  136  11:00  Pylon  
  136  11:02  Assimilator  
  138  11:09  High Templar  
  137  11:22  Void Ray (Chrono Boost)  
  147  11:37  Photon Cannon  
  147  11:40  Photon Cannon  
  147  11:43  Pylon  
  147  11:55  Protoss Air Weapons Level 3 (Chrono Boost)  
  147  11:59  Void Ray  
  151  12:03  Protoss Shields Level 2 (Chrono Boost)  
  151  12:13  Observer (Chrono Boost)  
  152  12:21  Zealot  
  154  12:28  Observer (Chrono Boost)  
  155  12:34  Photon Cannon  
  155  12:36  Gateway, Photon Cannon  
  155  12:37  Gateway, Pylon  
  155  12:41  Gateway  
  155  12:44  Gateway  
  155  12:52  Forge  
  155  12:57  Cybernetics Core  
  155  13:02  Zealot x4  
  155  13:03  Zealot  
  161  13:27  Robotics Bay  
  161  13:29  Robotics Facility  
  161  13:32  Pylon  
  151  13:34  High Templar  
  171  14:19  Zealot x4  
  171  14:20  Zealot  
Tags
 
Add a new tag
Caveats
  • Supply blocks, unpowered buildings, or Contaminate may cause inaccurate times.
  • Supply counts are checked every 10 seconds.